Map: Blackburn LE

Players

PtitDrogo

  • Race: Protoss Protoss

uThermal - Winner!

  • Race: Terran Terran

Event: DreamHack SC2 Masters 2021 Fall

VOD

Have the link to the VOD?

Description

Time

  • Played on: Aug. 4, 2021, noon
  • Length: 9:01

All games in this series

Show
View Real Time Build Order
Export as new Build Order

PtitDrogo Protoss 

Build Orders: 1 Gate Expand, Blink Stalkers 

Get SALT Encoding   

  12  0:00  Probe  
  13  0:12  Probe  
  14  0:16  Pylon  
  14  0:24  Probe  
  15  0:34  Gateway  
  15  0:37  Probe (Chrono Boost)  
  16  0:46  Assimilator, Probe (Chrono Boost)  
  17  0:51  Probe (Chrono Boost)  
  18  1:03  Probe  
  19  1:15  Probe  
  20  1:22  Cybernetics Core  
  20  1:32  Nexus  
  20  1:39  Pylon  
  20  1:42  Probe  
  21  1:47  Assimilator  
  21  1:55  Stalker (Chrono Boost)  
  23  2:10  Probe  
  23  2:22  Probe  
  24  2:30  Shield Battery, Stalker (Chrono Boost)  
  26  2:37  Probe  
  26  2:41  Warp Gate  
  27  2:47  Probe  
  29  2:51  Probe  
  29  2:59  Probe (Chrono Boost)  
  31  3:06  Probe (Chrono Boost)  
  31  3:08  Twilight Council  
  31  3:11  Probe (Chrono Boost)  
  32  3:19  Probe x2 (Chrono Boost)  
  36  3:25  Probe  
  35  3:27  Gateway, Probe  
  36  3:37  Probe  
  36  3:39  Stalker, Probe  
  36  3:40  Blink (Chrono Boost)  
  40  3:49  Probe  
  40  3:52  Robotics Facility  
  41  3:55  Probe  
  41  4:00  Pylon  
  41  4:01  Probe  
  43  4:06  Pylon  
  43  4:08  Probe  
  44  4:13  Probe  
  45  4:20  Probe  
  46  4:29  Stalker x2  
  49  4:37  Probe x2  
  51  4:39  Observer (Chrono Boost)  
  52  4:51  Probe  
  53  4:54  Observer  
  50  5:00  Probe  
  50  5:03  Probe  
  52  5:11  Stalker x2  
  52  5:12  Probe  
  57  5:15  Probe  
  58  5:24  Probe  
  58  5:27  Nexus  
  59  5:31  Probe  
  59  5:32  Pylon  
  60  5:36  Assimilator, Probe  
  60  5:37  Charge (Chrono Boost)  
  60  5:41  Pylon  
  61  5:43  Probe  
  62  5:50  Probe  
  62  5:55  Probe  
  58  6:09  Probe x2  
  58  6:12  Gateway  
  58  6:13  Gateway  
  58  6:15  Gateway  
  58  6:18  Gateway  
  58  6:21  Gateway  
  58  6:25  Probe x2, Warp Prism (Chrono Boost)  
  56  6:35  Stalker x2  
  56  6:37  Probe  
  56  6:38  Templar Archives  
  61  6:45  Probe  
  62  6:51  Shield Battery  
  62  6:53  Probe  
  63  6:54  Gateway  
  63  6:58  Gateway, Sentry x2  
  65  7:09  Zealot x2  
  65  7:13  Zealot x2  
  72  7:18  Zealot  
  73  7:25  Zealot x2  
  73  7:29  Pylon  
  75  7:30  Zealot x2  
  75  7:33  Pylon  
  75  7:34  Zealot x2  
Show
View Real Time Build Order
Export as new Build Order

uThermal Terran - Winner!

Build Orders:  

Get SALT Encoding   

  12  0:00  SCV  
  13  0:12  SCV  
  14  0:17  Supply Depot  
  14  0:24  SCV  
  15  0:38  SCV  
  15  0:39  Barracks  
  16  0:45  Refinery  
  16  0:50  SCV  
  16  0:55  Refinery  
  17  1:03  SCV  
  18  1:15  SCV  
  19  1:30  Reaper, Orbital Command  
  20  1:43  Factory  
  20  1:45  Bunker  
  20  1:55  Supply Depot  
  20  1:57  SCV  
  21  2:02  Reaper  
  22  2:09  SCV  
  23  2:21  SCV  
  24  2:29  Widow Mine  
  25  2:33  SCV  
  26  2:40  Command Center  
  26  2:51  Starport  
  26  2:52  Widow Mine  
  28  2:59  Supply Depot  
  28  3:03  SCV  
  28  3:13  Widow Mine  
  28  3:15  SCV  
  31  3:28  Medivac  
  31  3:32  SCV, Armory  
  34  3:35  Bunker  
  34  3:38  Barracks Reactor  
  34  3:44  SCV  
  34  3:46  Factory Tech Lab  
  34  3:47  Refinery  
  35  3:54  Orbital Command  
  35  3:56  SCV  
  35  3:59  Starport Tech Lab  
  36  4:05  Siege Tank  
  36  4:09  SCV  
  40  4:14  Marine x2  
  42  4:21  SCV x2  
  43  4:33  SCV  
  43  4:37  Raven, SCV  
  45  4:39  Marine x2  
  47  4:47  SCV  
  47  4:48  Barracks  
  47  4:49  SCV, Barracks  
  49  4:54  Siege Tank  
  49  4:59  Supply Depot  
  50  5:07  SCV  
  50  5:09  Marine  
  50  5:12  SCV  
  50  5:13  Engineering Bay  
  53  5:16  Marine  
  53  5:20  SCV  
  55  5:24  SCV, Supply Depot  
  55  5:25  Supply Depot  
  55  5:27  Marine  
  57  5:31  Starport Reactor  
  57  5:32  SCV  
  57  5:34  Marine  
  59  5:39  SCV  
  59  5:40  Terran Infantry Weapons Level 1  
  60  5:44  Factory Reactor  
  60  5:45  Marine, SCV  
  60  5:49  Stimpack, Marauder x2  
  66  5:56  Marine  
  65  5:59  SCV  
  65  6:03  Marine  
  64  6:10  Marine, Marauder  
  63  6:13  Medivac  
  63  6:14  SCV  
  63  6:15  SCV  
  64  6:19  Marine  
  64  6:24  Marine  
  66  6:26  SCV  
  66  6:27  SCV  
  66  6:28  Medivac, Marauder  
  66  6:32  Marine  
  73  6:33  Supply Depot  
  73  6:36  Combat Shield  
  73  6:39  Marine  
  74  6:42  Marine  
  74  6:43  SCV  
  74  6:47  SCV  
  74  6:49  Marine x2  
  77  6:55  Medivac  
  77  6:56  SCV  
  77  6:57  Marine, Supply Depot  
  77  6:59  SCV  
  77  7:00  Marine  
  83  7:04  Missile Turret  
  83  7:07  Marine  
  83  7:08  SCV  
  83  7:09  Marine, Medivac  
  83  7:15  Supply Depot  
  86  7:19  Widow Mine  
  86  7:22  Marine x2  
  88  7:23  Supply Depot  
  88  7:25  Marine  
  88  7:27  Marine, Widow Mine  
  94  7:36  Supply Depot  
  94  7:37  Medivac  
  96  7:43  SCV, Marauder  

Tags
 
Add a new tag
Caveats
  • Supply blocks, unpowered buildings, or Contaminate may cause inaccurate times.
  • Supply counts are checked every 10 seconds.